 Dungeon Crawl Stone Soup version 0.27-a0-1137-g3ef0f4ec91 (webtiles) character file.

Game seed: 15067113088955055554

15148 jestyr24 the Thaumaturge (level 12, -37/85 HPs)
             Began as a Djinni Conjurer on May 6, 2021.
             Was an Elder of Makhleb.
             Annihilated by a boulder beetle (57 damage)
             ... on level 11 of the Dungeon.
             The game lasted 00:56:29 (14061 turns).

jestyr24 the Thaumaturge (Djinni Conjurer)         Turns: 14061, Time: 00:56:30

Health: -37/85     AC:  7    Str:  6    XL:     12   Next: 24%
Gold:   531        EV: 14    Int: 29    God:    Makhleb [****..] SH:  0 Dex: 14

rFire    + + .     SeeInvis .   x - +6 Majin-Bo {vamp, MP+6 Int+6}
rCold    x . .     Faith    .   (shield currently unavailable)
rNeg     . . .     Spirit   .   a - +0 robe
rPois    ∞         Reflect  .   g - +1 helmet
rElec    .         Harm     .   d - +0 cloak
rCorr    .         Rampage  .   H - +1 pair of gloves
Will     +....                  (boots unavailable)
Stlth    +++.......             (no amulet)
HPRegen  0.24/turn              (no ring)
MPRegen  0.00/turn              (no ring)

@: flying
A: sickness immunity, fire resistance 2, cold vulnerability 1, float, innate
caster, hp casting, extra vitality 1
a: Renounce Religion, Minor Destruction, Lesser Servant of Makhleb, Major
Destruction


You were on level 11 of the Dungeon.
You worshipped Makhleb.
Makhleb was greatly pleased with you.
You visited 1 branch of the dungeon, and saw 11 of its levels.

You collected 531 gold pieces.

Inventory:

Hand Weapons
 c - a +2 vorpal spear
 x - the +6 Majin-Bo (weapon) {vamp, MP+6 Int+6}
   (You found it on level 5 of the Dungeon)

   It inflicts no extra harm, but heals its wielder when it wounds a living foe.
   It affects your intelligence (+6).
   It affects your magic capacity (+6).
Missiles
 i - 5 datura-tipped darts
 l - 69 poisoned darts
 p - 9 boomerangs
 y - a throwing net
 B - 8 atropa-tipped darts
Armour
 a - a +0 robe (worn)
 d - a +0 cloak (worn)
 g - a +1 helmet (worn)
 H - a +1 pair of gloves (worn)
Magical Staves
 w - a staff of conjuration
Jewellery
 A - a ring of ice
Wands
 j - a wand of charming (16)
 k - a wand of mindburst (22)
 s - a wand of flame (25)
 z - a wand of iceblast (6)
 E - a wand of acid (8)
 G - a wand of digging (8)
Scrolls
 e - 4 scrolls of fear
 f - 5 scrolls of teleportation
 m - 2 scrolls of brand weapon
 u - 2 scrolls of identify
 C - a scroll of magic mapping
Potions
 b - 2 potions of heal wounds
 h - a potion of brilliance
 n - a potion of invisibility
 o - 2 potions of might
 q - 3 potions of ambrosia
 r - a potion of attraction {unknown}
 t - 3 potions of haste
 v - 6 potions of curing
 F - a potion of lignification {unknown}


   Skills:
 * Level 7.2 Fighting
 - Level 0.2 Polearms
 + Level 4.9 Dodging
 - Level 4.2 Stealth
 + Level 13.7 Spellcasting
 - Level 5.0 Evocations


You had 10 spell levels left.
You knew the following spells:

 Your Spells              Type           Power      Damage    Failure   Level
a - Magic Dart            Conj           100%       1d8       0%          1
b - Searing Ray           Conj           100%       3d7       0%          2
c - Dazzling Flash        Conj/Hex       100%       N/A       1%          3
d - Fulminant Prism       Conj/Hex       39%        3d18      1%          4
e - Iskenderun's Mystic   Conj/Tloc      79%        2d16      1%          4
f - Beastly Appendage     Tmut           100%       N/A       0%          1
g - Static Discharge      Conj/Air       79%        N/A       0%          2
h - Corpse Rot            Necr/Air       N/A        N/A       0%          2
i - Airstrike             Air            39%        N/A       1%          4
j - Hydra Form            Tmut           39%        N/A       1%          5
Your spell library was empty.

Dungeon Overview and Level Annotations

Branches:
Dungeon (11/15)            Temple (0/1) D:4            Lair (0/6) D:9
    Orc: D:9-12

Altars:
Cheibriados
Makhleb
Nemelex Xobeh
Okawaru
Qazlal
Uskayaw
Xom
Zin

Shops:
D:6 :


Innate Abilities, Weirdness & Mutations

You are immune to sickness and miasma.
You are immune to poison.
Your flesh is very heat resistant. (rF++)
You are vulnerable to cold. (rC-)
You float through the air rather than walking.
You learn spells naturally, not from books.
Your magical power is your life essence.
You have superior vitality. (+4 HP)


Message History

You erupt in a blast of force!
The mystic blast hits the boulder beetle!
You feel better.
The boulder beetle is moderately wounded.
The boulder beetle is knocked back by the mystic blast.
The boulder beetle slams into the stone wall!
Casting: Iskenderun's Mystic Blast (safe; 1% risk of failure)
Confirm with . or Enter, or press ? or * to list all spells.
You erupt in a blast of force!
The mystic blast hits the boulder beetle.
The boulder beetle is heavily wounded.
The boulder beetle is knocked back by the mystic blast.
Casting: Iskenderun's Mystic Blast (safe; 1% risk of failure)
Confirm with . or Enter, or press ? or * to list all spells.
Aiming: Fulminant Prism (safe; 1% risk of failure)
Press: ? - help, Dir - move target You conjure a prism of explosive energy!
A fulminant prism comes into view.
The boulder beetle hits you!!
The boulder beetle stops rolling and uncurls.
The boulder beetle curls into a ball and begins rolling!
Your fulminant prism crackles loudly.
Casting: Fulminant Prism (safe; 1% risk of failure)
Confirm with . or Enter, or press ? or * to list all spells.
You erupt in a blast of force!
The mystic blast hits the boulder beetle but does no damage.
The boulder beetle is moderately wounded.
Your fulminant prism explodes!
The blast of energy engulfs the boulder beetle.
The boulder beetle is moderately wounded.
You hear an angry hiss.
Casting: Iskenderun's Mystic Blast (safe; 1% risk of failure)
Confirm with . or Enter, or press ? or * to list all spells.
You erupt in a blast of force!
The mystic blast hits the boulder beetle but does no damage.
The boulder beetle is moderately wounded.
* * * LOW HITPOINT WARNING * * *
The boulder beetle hits you!!!
Ouch! That really hurt!
You die...

#.##..#..###..#..##.#
#.#..##..#.#..##..#.#
#.#..#..##.##..#..#.#
#...##..#...#..##...#
#...#..##...##..#...#
#..##..#..#..#..##*°#
#..#..##..#..##..#○.#
#.##.)...........##.#
#.....##.....##.@B°.#
#.##..)..........##.#
)......................
#####################...
# #.... .... ... ..


You could see a boulder beetle (rolling).

Vanquished Creatures
  2 hydras (D:8)
  A centaur warrior (D:11)
  A death knight (D:10)
  3 two-headed ogres
  A skeletal warrior (D:10)
  Maurice (D:9)
  A wizard (D:11)
  A phantasmal warrior (D:10)
  An ugly thing (D:11)
  A cyclops (D:8)
  A gargoyle (D:11)
  Psyche (D:11)
  A komodo dragon (D:11)
  Grinder (D:3)
  A hornet (D:9)
  Sigmund (D:6)
  The ghost of dang3rdave the Chiller, an amateur GrIE of Dithmenos (D:4)
  2 wyverns
  2 wraiths
  A shadow (D:9)
  3 yaks (D:8)
  A steam dragon (D:8)
  2 vampire mosquitoes (D:8)
  2 water moccasins
  6 orc warriors
  A sky beast (D:8)
  3 black bears
  An ice beast (D:6)
  8 ogres
  A boggart (D:11)
  2 centaurs (D:9)
  A wyvern zombie (D:6)
  2 scorpions (D:6)
  A jelly (D:6)
  A wyvern skeleton (D:6)
  9 killer bees
  2 howler monkeys (D:8)
  9 wights
  3 electric eels (D:4)
  2 centaur zombies
  A bullfrog zombie (D:6)
  2 lava snakes (D:9)
  6 hounds
  5 orc priests
  6 iguanas
  Terence (D:3)
  8 orc wizards
  2 killer bee zombies
  Robin (D:3)
  5 gnolls
  13 adders
  A shadow imp (D:8)
  2 white imps
  2 worms
  3 dart slugs
  33 orcs
  6 ball pythons
  10 endoplasms
  4 giant cockroaches
  7 hobgoblins
  6 jackals
  6 kobolds
  5 quokkas
  5 bats
  13 goblins
  3 rats
241 creatures vanquished.

Vanquished Creatures (collateral kills)
  An acid dragon (D:9)
  A gnoll sergeant (D:9)
  4 gnolls (D:9)
6 creatures vanquished.

Vanquished Creatures (others)
  52 fulminant prisms
  15 plants
67 creatures vanquished.

Grand Total: 314 creatures vanquished

Notes
Turn   | Place    | Note
-------+----------+-------------------------------------------
     0 | D:1      | jestyr24 the Djinni Conjurer began the quest for the Orb.
     0 | D:1      | Reached XP level 1. HP: 15/15 MP: 0/0
   381 | D:1      | Found a faded altar of an unknown god.
   398 | D:1      | Reached XP level 2. HP: 19/21 MP: 0/0
   457 | D:1      | Reached skill level 4 in Spellcasting
  1035 | D:2      | Reached XP level 3. HP: 17/25 MP: 0/0
  1035 | D:2      | Learned a level 1 spell: Beastly Appendage
  1404 | D:2      | Reached XP level 4. HP: 19/31 MP: 0/0
  2078 | D:2      | Reached skill level 5 in Spellcasting
  2457 | D:3      | Found an iron altar of Okawaru.
  2475 | D:3      | Found a burning altar of Makhleb.
  2480 | D:3      | Became a worshipper of Makhleb the Destroyer
  2574 | D:3      | Noticed Grinder
  2598 | D:3      | Noticed Robin
  2620 | D:3      | HP: 1/31 [goblin/+0 club[Robin] (2)]
  2635 | D:3      | Killed Grinder
  2636 | D:3      | Reached XP level 5. HP: 36/36 MP: 0/0
  2636 | D:3      | Learned a level 2 spell: Static Discharge
  2636 | D:3      | Reached XP level 6. HP: 41/41 MP: 0/0
  2637 | D:3      | Killed Robin
  2643 | D:3      | Reached skill level 6 in Spellcasting
  2809 | D:3      | Reached skill level 1 in Evocations
  2818 | D:3      | Reached * piety under Makhleb
  3048 | D:3      | Reached XP level 7. HP: 40/46 MP: 0/0
  3048 | D:3      | Learned a level 2 spell: Corpse Rot
  3237 | D:3      | Noticed Terence
  3238 | D:3      | Killed Terence
  3311 | D:4      | Reached skill level 1 in Fighting
  3353 | D:4      | Found a transporter.
  3433 | D:4      | Found a shimmering altar of Xom.
  3562 | D:4      | Found a staircase to the Ecumenical Temple.
  3599 | D:4      | Found a large runed translucent door.
  3600 | D:4      | Found a large runed translucent door.
  3603 | D:4      | Noticed dang3rdave's ghost (amateur GrIE)
  3809 | D:4      | Found a transporter.
  4673 | D:4      | Killed dang3rdave's ghost
  4674 | D:4      | Reached skill level 7 in Spellcasting
  4674 | D:4      | Reached XP level 8. HP: 42/52 MP: 0/0
  4915 | D:5      | Entered Level 5 of the Dungeon
  5289 | D:5      | Found a stormy altar of Qazlal.
  5415 | D:5      | Found the +6 Majin-Bo {vamp, MP+6 Int+6}
  5426 | D:5      | Found a snail-covered altar of Cheibriados.
  5466 | D:5      | Reached ** piety under Makhleb
  5627 | D:5      | Reached skill level 8 in Spellcasting
  6110 | D:6      | Noticed Sigmund
  6113 | D:6      | Killed Sigmund
  6114 | D:6      | Reached XP level 9. HP: 51/58 MP: 0/0
  6114 | D:6      | Learned a level 4 spell: Airstrike
  6329 | D:6      | Found Emmaby Lanoi's Book Shop.
  6442 | D:6      | Reached skill level 9 in Spellcasting
  6956 | D:6      | Reached skill level 5 in Evocations
  7737 | D:7      | Reached skill level 10 in Spellcasting
  8107 | D:7      | Found a hide-covered altar of Uskayaw.
  8112 | D:7      | Found a glowing silver altar of Zin.
  8677 | D:8      | Reached XP level 10. HP: 45/67 MP: 0/0
  8818 | D:8      | Noticed a five-headed hydra
  8825 | D:8      | Killed a five-headed hydra
  8826 | D:8      | Reached skill level 11 in Spellcasting
  8945 | D:8      | Noticed a seven-headed hydra
  8958 | D:8      | Killed a seven-headed hydra
  9427 | D:8      | Reached skill level 5 in Fighting
  9525 | D:8      | Reached *** piety under Makhleb
  9545 | D:8      | Noticed a cyclops
  9551 | D:8      | Killed a cyclops
  9552 | D:8      | Reached skill level 12 in Spellcasting
  9552 | D:8      | Reached XP level 11. HP: 70/76 MP: 0/0
  9552 | D:8      | Learned a level 5 spell: Hydra Form
 10320 | D:9      | Noticed Maurice
 10361 | D:9      | Killed Maurice
 10818 | D:9      | Found a staircase to the Lair.
 11148 | D:9      | Noticed a two-headed ogre
 11157 | D:9      | Killed a two-headed ogre
 11243 | D:9      | Found a sparkling altar of Nemelex Xobeh.
 11367 | D:10     | Entered Level 10 of the Dungeon
 11572 | D:10     | Noticed a skeletal warrior
 11573 | D:10     | Noticed a death knight
 11581 | D:10     | Killed a skeletal warrior
 11581 | D:10     | Reached **** piety under Makhleb
 11581 | D:10     | Noticed a phantasmal warrior
 11586 | D:10     | Killed a death knight
 11590 | D:10     | Killed a phantasmal warrior
 11591 | D:10     | Reached skill level 13 in Spellcasting
 11593 | D:10     | HP: 3/78 [wraith[a death knight] (5)]
 12621 | D:11     | Noticed Psyche
 12630 | D:11     | Killed Psyche
 12846 | D:11     | Noticed a two-headed ogre
 12862 | D:11     | Killed a two-headed ogre
 12922 | D:11     | Noticed a two-headed ogre
 12928 | D:11     | Killed a two-headed ogre
 12929 | D:11     | Reached XP level 12. HP: 65/84 MP: 0/0
 13299 | D:11     | Noticed a centaur warrior
 13307 | D:11     | Killed a centaur warrior
 13552 | D:11     | Noticed a boulder beetle
 14061 | D:11     | Annihilated by a boulder beetle

Illustrated notes

Levels and vault maps discovered:
D:1:      dpeg_arrival_simpleton_a, layout_loops_cross,
          ebering_ecumenical_altar_sacrificial
D:2:      layout_loops_cross
D:3:      layout_rooms, overflow_temple_1_default, marbit_many_paths,
          uniq_terence, uniq_robin, uniq_grinder
D:4:      gammafunk_steamed_eel, layout_layer_cave, tgw_xom,
          minmay_temple_entry_statues_pillars, ebering_ghost_disaster_area
D:5:      layout_rooms, grunt_qazlal_clouds, cheibriados_altar_1
D:6:      layout_basic, serial_shops, shop, kennysheep_another_room,
          solitary_fountain, uniq_sigmund
D:7:      layout_basic, minitemple
D:8:      layout_loops_ring, minmay_shattered_shrine
D:9:      layout_big_octagon, lemuel_tele_altar, uniq_maurice
D:10:     layout_basic, hangedman_decor_peaks_small
D:11:     minmay_tri_box, layout_basic, erik_orc_1, serial_shops,
          nicolae_shop_behind_doors, serial_park_tiny_2, uniq_psyche

Skill      XL: |  1  2  3  4  5  6  7  8  9 10 11 12 |
---------------+-------------------------------------+-----
Spellcasting   | 4 5 6 7 8 10 12 13 | 13.7
Stealth        | 2 3 4 |  4.2
Evocations     | 1 2 4 5 |  5.0
Fighting       | 1 3 5 6 7 |  7.2
Dodging        | 3 4 |  4.9
Polearms       | |  0.2

Action                   |  1- 3 |  4- 6 |  7- 9 | 10-12 || total
-------------------------+-------+-------+-------+-------++-------
Melee: Trident           |     2 |     4 |     1 |       ||     7
       Quarterstaff      |       |       |     4 |     3 ||     7
       Unarmed           |       |       |       |    21 ||    21
 Cast: Magic Dart        |    60 |    76 |   112 |    51 ||   299
       Iskenderun's Myst |       |     2 |    32 |    43 ||    77
       Searing Ray       |       |     2 |    22 |    35 ||    59
       Fulminant Prism   |       |     1 |    14 |    37 ||    52
       Airstrike         |       |       |    12 |    19 ||    31
       Corpse Rot        |       |       |       |     1 ||     1
       Hydra Form        |       |       |       |     2 ||     2
Evoke: Wand              |       |     8 |     4 |     5 ||    17
  Use: Potion            |       |     4 |       |     3 ||     7
       Scroll            |       |       |     8 |     9 ||    17
 Stab: Sleeping          |     1 |       |       |       ||     1
Armor: Robe              |       |     3 |     2 |     7 ||    12
       Skin              |       |       |       |     2 ||     2
Dodge: Dodged            |     4 |    10 |     6 |    16 ||    36

Table legend: (Time is in decaauts)
 A = Elapsed time spent in this place.
 B = Non-inter-level travel time spent in this place.
 C = Inter-level travel time spent in this place.
 D = Time resting spent in this place.
 E = Time spent auto-exploring this place.
 F = Levels seen in this place.
 G = Mean time per level.
                   A        B        C        D        E       F      G
               +--------+--------+--------+--------+--------+-----+--------+
         Total |  14067 |  13688 |    379 |   4278 |   7743 |  11 | 1278.8 |
       Dungeon |  14067 |  13688 |    379 |   4278 |   7743 |  11 | 1278.8 |
               +--------+--------+--------+--------+--------+-----+--------+

Top non-repeatable levels by time:
     D:8: 1652 daAuts
     D:4: 1608 daAuts
     D:6: 1514 daAuts
    D:11: 1499 daAuts
     D:2: 1404 daAuts
     D:9: 1284 daAuts
     D:7: 1242 daAuts
     D:1: 1009 daAuts
     D:5: 995 daAuts
    D:10: 963 daAuts
     D:3: 893 daAuts
